 Dungeon Crawl Stone Soup version 0.18-a0-79-gb542d04 (webtiles) character file.

331 Duffy the Conjurer (level 6, -1/49 HPs)
             Began as a Naga Fire Elementalist on Nov 12, 2015.
             Slain by Grinder (2 damage)
             ... while paralysed by Grinder
             ... on level 5 of the Dungeon.
             The game lasted 00:05:47 (3593 turns).

Duffy the Conjurer (Naga Fire Elementalist)         Turns: 3593, Time: 00:05:47

Health: -1/49      AC:  3    Str: 10    XL:     6   Next: 52%
Magic:  0/9        EV:  1    Int: 16    God:
Gold:   118        SH:  0    Dex: 13    Spells: 3 memorised, 1 level left

rFire  . . .     SeeInvis +     q - +0 spear
rCold  . . .     Clarity  .     a - +0 robe
rNeg   . . .     SustAt   +     (no shield)
rPois  +         Gourm    .     (no helmet)
rElec  .         Spirit   .     (no cloak)
rCorr  .         Warding  .     (no gloves)
rMut   .         Stasis   .     (no barding)
MR     .....                    (no amulet)
Stlth  ++........               (no ring)
                                j - ring of sustain attributes

@: paralysed, very slightly contaminated, very slow, not resistant to hostile
enchantments, unstealthy
A: see invisible, deformed body, poison resistance, slowness 2, slow metabolism
1, spit poison 2, AC +2
a: Spit Poison


You were on level 5 of the Dungeon.
You were very hungry.

You visited 2 branches of the dungeon, and saw 6 of its levels.

You collected 118 gold pieces.


Innate Abilities, Weirdness & Mutations

You cannot wear boots.
Your serpentine skin is tough (AC +2).
You have supernaturally acute eyesight.
Armour fits poorly on your strangely shaped body.
Your system is resistant to poisons.
You cover ground very slowly.
You have a slow metabolism.
You can spit poison.


   Skills:
 - Level 1.5 Dodging
 - Level 3.0 Stealth
 - Level 2.0 Spellcasting
 + Level 5.1 Conjurations
 + Level 4.9 Fire Magic


You had one spell level left.
You knew the following spells:

 Your Spells              Type           Power        Failure   Level  Hunger
a - Flame Tongue          Conj/Fire      ###..        2%          1    #......
c - Conjure Flame         Conj/Fire      ###.....     10%         3    ###....
s - Sticky Flame          Conj/Fire      ###.....     28%         4    #####..

Inventory:

Hand Weapons
 e - a +0 dagger
 q - a +0 spear (weapon)
 w - a +0 morningstar
Missiles
 d - 37 poisoned needles
 k - 138 stones (quivered)
 y - a throwing net
Armour
 a - a +0 robe (worn)
Jewellery
 j - a ring of sustain attributes (left hand)
Scrolls
 g - a scroll of immolation {unknown}
 i - 2 scrolls of remove curse
 o - a scroll of blinking {unknown}
 r - 2 scrolls of magic mapping {unknown}
 s - a scroll of noise {unknown}
 u - 2 scrolls of identify {unknown}
 B - a scroll of enchant armour {unknown}
Potions
 f - a potion of invisibility {unknown}
 l - 3 potions of curing {unknown}
 m - a potion of magic {unknown}
 t - a potion of degeneration {unknown}
 v - a potion of flight {unknown}
 z - a potion of berserk rage {unknown}
Books
 b - a book of Flames
Comestibles
 c - 4 bread rations
 h - 2 slices of pizza
 n - 3 fruits
 p - a beef jerky
 x - 2 royal jellies

Dungeon Overview and Level Annotations

Branches:
Dungeon (5/15)             Temple (1/1) D:4

Altars:
Ashenzari
Dithmenos
Fedhas
Gozag
Kikubaaqudgha
Makhleb
Ru
Sif Muna
Trog
Xom
Yredelemnul
Zin
The Shining One

Shops:
D:4 [

Annotations:
D:2 Terence
D:5 Grinder


Message History

You closely miss Grinder.
Grinder is moderately wounded.
Grinder gestures at you. You resist with some effort.
You hit Grinder.
Grinder is moderately wounded.
Grinder gestures at you. Pain shoots through your body!
Cast which spell? (? or * to list)
Aiming: Flame Tongue
Press: ? - help, Shift-Dir - straight line, f/p - Grinder
Aim: Grinder (moderately wounded)
The flame tongue misses Grinder.
Grinder hits you.
You writhe in agony.
You writhe in agony.
You are too injured to fight recklessly!
Attack whom?
Press: ? - help, Dir - move target cursor, f/p - Grinder
Aim: Grinder (moderately wounded)
You hit Grinder.
Grinder is moderately wounded.
Grinder hits you!
You writhe in agony.
You writhe in agony.
Attack whom?
Press: ? - help, Dir - move target cursor, f/p - Grinder
Aim: Grinder (moderately wounded)
You hit Grinder.
Grinder is moderately wounded.
Grinder gestures at you. You resist with some effort. Grinder gestures at you.
You suddenly lose the ability to move!
Grinder hits you!
You writhe in agony.
Grinder gestures at you. Pain shoots through your body! Grinder hits you.
You writhe in agony.
You die...

#. #...†..........
.#..#.<...........#
...................#
...#..#............# #
#........>......#
#.#.............# ####
#..#.............## .....
#..................####..>...
##.#.........@5###..(........
#........#### #####...)...
..#.....## ....... ...##...#
....... #.. #.#.. ...?... .
#.#.. ....§). #.... .......
.#.#.# ......(


You could see Grinder.

Action                   |  1- 3 |  4- 6 || total
-------------------------+-------+-------++-------
Melee: Spear             |       |     4 ||     4
Throw: Stone             |       |     2 ||     2
 Cast: Flame Tongue      |    45 |    79 ||   124
       Conjure Flame     |       |     2 ||     2
 Abil: Spit Poison       |    15 |    21 ||    36
  Use: Scroll            |       |     1 ||     1
  Eat: Chunk             |     2 |     8 ||    10

Notes
Turn   | Place    | Note
--------------------------------------------------------------
     0 | D:1      | Duffy the Naga Fire Elementalist began the quest for the Orb.
     0 | D:1      | Reached XP level 1. HP: 15/15 MP: 3/3
   208 | D:1      | Reached skill level 2 in Conjurations
   208 | D:1      | Reached XP level 2. HP: 22/22 MP: 3/5
   669 | D:1      | Reached XP level 3. HP: 28/28 MP: 2/6
   940 | D:1      | Reached skill level 3 in Conjurations
  1079 | D:1      | Learned a level 3 spell: Conjure Flame
  1358 | D:2      | Noticed Ijyb
  1367 | D:2      | Killed Ijyb
  1367 | D:2      | Reached XP level 4. HP: 33/36 MP: 0/7
  1533 | D:2      | Found a shattered altar of Ashenzari.
  1568 | D:2      | Noticed Terence
  1746 | D:3      | Found a blossoming altar of Fedhas.
  1973 | D:3      | Found a sacrificial altar of Ru.
  2416 | D:3      | Reached skill level 4 in Conjurations
  2416 | D:3      | Reached XP level 5. HP: 37/42 MP: 0/8
  2493 | D:4      | Reached skill level 4 in Fire Magic
  2606 | D:4      | Learned a level 4 spell: Sticky Flame
  2607 | D:4      | Found a staircase to the Ecumenical Temple.
  2618 | Temple   | Entered the Ecumenical Temple
  2857 | D:4      | Found Tiuvve's Antique Armour Shop.
  3190 | D:4      | Reached XP level 6. HP: 46/49 MP: 4/9
  3520 | D:5      | Entered Level 5 of the Dungeon
  3524 | D:5      | Reached skill level 5 in Conjurations
  3569 | D:5      | Noticed Grinder
  3590 | D:5      | Paralysed by Grinder for 6 turns
  3593 | D:5      | Slain by Grinder

Vault maps used:
D:1:      dpeg_arrival_refuge
D:2:      nicolae_ashenzari_panopticon, uniq_iyjb, uniq_terence
D:3:      lemuel_round_altar, nicolae_ru_the_path_less_chosen
D:4:      minmay_temple_entry_overgrown, serial_shops, kennysheep_mini_moat
D:5:      nicolae_overflow_crystal_walls, basic_altar, first_bread,
          makhleb_heckhound_becter, uniq_edmund, uniq_grinder
Temple:   nicolae_temple_x_marks_the_god

Vanquished Creatures
  A scorpion
  An orc wizard
  A hound
  2 orc priests Ijyb
  A worker ant
  2 adders
  An adder skeleton
  A worm
  4 giant geckos
  8 orcs
  2 ball pythons
  5 giant cockroaches
  8 goblins
  9 hobgoblins
  10 jackals
  6 bats
  7 giant newts
  3 kobolds
  7 rats
80 creatures vanquished.
